 Dungeon Crawl Stone Soup version 0.31.0-11-ge490571c62 (webtiles) character file.

Game seed: 2216324542635151298

108 Esekla the Trooper (level 4, 0/38 HPs)
             Began as a Barachi Cinder Acolyte on Jan 27, 2024.
             Was a High Priest of Ignis.
             Slain by an orc
             ... wielding a +0 trident
              (5 damage)
             ... on level 3 of the Dungeon.
             The game lasted 00:13:40 (2885 turns).

Esekla the Trooper (Barachi Cinder Acolyte)         Turns: 2885, Time: 00:13:40

Health: 0/38       AC:  2    Str: 15    XL:     4   Next: 87%
Magic:  1/16       EV: 11    Int: 16    God:    Ignis [*****.]
Gold:   179        SH:  0    Dex:  8    Spells: 2/8 levels left

rFire   + . .        a - -1 falchion (flame)
rCold   . . .        (no shield)
rNeg    . . .        b - +0 robe
rPois   .            (no helmet)
rElec   .            (no cloak)
rCorr   .            (no gloves)
SInv    .            (no boots)
Will    .....        (no amulet)
Stlth   +            g - ring of magical power
HPRegen 0.26/turn    (no ring)
MPRegen 0.15/turn

%: no passive effects
@: slow
A: amphibious, slowness 1, strong legs 1, +LOS
a: Hop, Renounce Religion, Fiery Armour, Foxfire Swarm, Rising Flame


You were on level 3 of the Dungeon.
You worshipped Ignis.
Ignis was extremely pleased with you.
You visited 1 branch of the dungeon, and saw 3 of its levels.

You collected 179 gold pieces.

Inventory:

Hand Weapons
 a - a -1 falchion of flaming (weapon)
 r - a +0 spear
 s - a +2 dagger of flaming
Armour
 b - a +0 robe (worn)
Magical Staves
 d - a staff of death
Jewellery
 g - a ring of magical power (left hand)
 l - a ring of ice
Scrolls
 f - a scroll of teleportation {unknown}
 j - a scroll of identify {unknown}
 m - a scroll of brand weapon {unknown}
Potions
 c - a potion of curing {unknown}
 e - a potion of resistance {unknown}
 h - a potion of mutation {unknown}
 i - 2 potions of lignification {unknown}
 k - 2 potions of enlightenment {unknown}


   Skills:
 * Level 4.4 Fighting
 * Level 4.2 Long Blades
 + Level 0.4 Dodging
 + Level 0.1 Stealth
 * Level 2.5 Spellcasting
 * Level 1.2 Conjurations
 * Level 0.8 Translocations
 + Level 3.6 Fire Magic


You had 2 spell levels left.
You knew the following spells:

 Your Spells              Type           Power      Damage    Failure   Level
a - Magic Dart            Conj           20%        1d4       12%         1
b - Blink                 Tloc           8%         N/A       21%         2
o - Scorch                Fire           26%        2d6       7%          2
p - Apportation           Tloc           8%         N/A       14%         1

Your spell library contained the following spells:

 Spells                   Type           Power      Damage    Failure   Level
 Call Imp                 Summ           4%         N/A       30%         2
 Jinxbite                 Hex            4%         N/A       30%         2
 Alistair's Intoxication  Alch           1%         N/A       99%         5


Dungeon Overview and Level Annotations

Branches:
Dungeon (3/15)

Altars:


Innate Abilities, Weirdness & Mutations

You are amphibious.
You cover ground slowly.
You can hop short distances.
You have an extended range of vision and can be seen from far away.


Message History

You hear a shout!
The orc hits you from afar with a +0 trident!
Casting: Scorch (safe; 7% risk of failure)
Confirm with . or Enter, or press ? or * to list all spells.
Flames lash the orc.
The orc is burned terribly!
The orc is almost dead.
The orc barely misses you.
Casting: Scorch (safe; 7% risk of failure)
Confirm with . or Enter, or press ? or * to list all spells.
Flames lash the orc.
The orc is burned terribly!
You kill the orc!
The orc hits you from afar with a +0 trident!
Casting: Scorch (safe; 7% risk of failure)
Confirm with . or Enter, or press ? or * to list all spells.
Flames lash the orc.
The orc is almost dead.
The orc's fire resistance burns away.
The orc closely misses you.
Casting: Scorch (safe; 7% risk of failure)
Confirm with . or Enter, or press ? or * to list all spells.
Flames lash the orc.
The orc is almost dead.
The orc's fire resistance burns away.
The orc hits you from afar with a +0 trident!
Casting: Scorch (safe; 7% risk of failure)
Confirm with . or Enter, or press ? or * to list all spells.
Flames lash the orc.
The orc is burned terribly!
You kill the orc!
The orc hits you from afar with a +0 trident.
Casting: Scorch (safe; 7% risk of failure)
Confirm with . or Enter, or press ? or * to list all spells.
Flames lash the orc.
The orc is almost dead.
The orc's fire resistance burns away.
The orc hits you from afar with a +0 trident!
* * * LOW HITPOINT WARNING * * *
Casting: Scorch (safe; 7% risk of failure)
Confirm with . or Enter, or press ? or * to list all spells.
You don't have enough magic to cast this spell.
The orc hits you with a +0 trident.
You die...

....... ....# #..# .. #)#
... #.# ..! ###o### #.#
#.....# #.#
#.....########.#
#.....oo@...##.#
#.....#####.##.##
##+########### #.....#
#≈.≈§≈≈≈≈≈≈≈≈########..#
#≈...........+..# ##..###
#≈.§........§##.# #...†.#
#≈..........§##.####.###.#
##≈..........≈#.......# #.#
##≈....≈.§...≈#######.###.#


You could see 2 orcs.

Vanquished Creatures
  An orc priest (D:2)
  An adder (D:2)
  A dart slug (D:2)
  4 ribbon worms
  6 orcs
  4 endoplasms
  3 giant cockroaches
  3 goblins
  4 hobgoblins
  4 jackals (D:1)
  2 kobolds (D:2)
  6 ball pythons
  4 bats
  2 frilled lizards
  4 rats
49 creatures vanquished.

Notes
Turn   | Place    | Note
-------+----------+-------------------------------------------
     0 | D:1      | Esekla the Barachi Cinder Acolyte began the quest for the
                  | Orb.
     0 | D:1      | Reached XP level 1. HP: 18/18 MP: 2/2
   184 | D:1      | Reached XP level 2. HP: 23/25 MP: 4/4
   199 | D:1      | Learned a level 1 spell: Magic Dart
   202 | D:1      | Learned a level 2 spell: Blink
   875 | D:2      | Reached XP level 3. HP: 15/31 MP: 1/5
   958 | D:2      | Learned a level 2 spell: Scorch
  1694 | D:3      | Reached XP level 4. HP: 38/38 MP: 7/7
  1794 | D:3      | Noticed a phantom
  1962 | D:3      | Learned a level 1 spell: Apportation
  2224 | D:2      | Reached skill level 1 in Conjurations
  2885 | D:3      | Slain by an orc

Illustrated notes

Levels and vault maps discovered:
D:1:      wander_arrival_chamber, layout_basic, corexii_corridor_pit
D:2:      layout_loops_cross, chequers_serial_rivers_marsh
D:3:      layout_loops_ring, nicolae_overflow_ecumenical_swirl,
          kennysheep_small_spiral, nicolae_wormholes

Skill      XL: |  1  2  3  4 |
---------------+-------------+-----
Fighting       | 4 |  4.4
Long Blades    | 4 |  4.2
Spellcasting   | 2 |  2.5
Conjurations   | 1 |  1.2
Dodging        | |  0.4
Stealth        | |  0.1
Translocations | |  0.8
Fire Magic     | |  3.6

Action                     |  1- 3 |  4- 6 || total
---------------------------+-------+-------++-------
  Melee: Falchion          |    97 |     5 ||   102
         Punch             |     1 |       ||     1
         Dagger            |     3 |    10 ||    13
   Cast: Magic Dart        |    10 |       ||    10
         Scorch            |    16 |    26 ||    42
Ability: Hop               |       |     1 ||     1
 Armour: Robe              |    65 |    39 ||   104
  Dodge: Dodged            |    78 |    25 ||   103
